 Dungeon Crawl Stone Soup version 0.29.0-7-g18a832c13a (webtiles) character file.

Game seed: 6633150452519482736

1189 SensoryNuts the Slasher (level 8, 0/66 HPs)
             Began as a Vampire Fighter on Aug 30, 2022.
             Succumbed to Dowan's poison
             ... on level 5 of the Dungeon.
             The game lasted 00:05:15 (3716 turns).

SensoryNuts the Slasher (Vampire Fighter)           Turns: 3716, Time: 00:05:16

Health: 0/66       AC:  8    Str: 19    XL:     8   Next: 19%
Magic:  8/8        EV: 10    Int:  9    God:
Gold:   194        SH:  7    Dex: 21    Spells: 7/7 levels left

rFire   . . .      SeeInvis +   a - +0 long sword
rCold   . . .      Faith    .   c - +1 buckler
rNeg    . . .      Spirit   .   b - +0 scale mail
rPois   .          Reflect  .   (helmet restricted)
rElec   .          Harm     .   (no cloak)
rCorr   +          Rampage  .   (no gloves)
Will    .....                   n - +0 pair of boots
Stlth   +.........              (no amulet)
HPRegen 0.41/turn               h - +6 ring of dexterity
MPRegen 0.11/turn               l - ring of resist corrosion

@: lethally poisoned (0 -> -2), healing quickly
A: alive, fangs 3, see invisible, vampiric 2, horns 1, robust 1, strong 1,
MP-powered wands
a: Exsanguinate


You were on level 5 of the Dungeon.
You visited 1 branch of the dungeon, and saw 5 of its levels.

You collected 194 gold pieces.

Inventory:

Hand Weapons
 a - a +0 long sword (weapon)
Armour
 b - a +0 scale mail (worn)
 c - a +1 buckler (worn)
 d - a +2 helmet
 n - a +0 pair of boots (worn)
Jewellery
 h - a +6 ring of dexterity (left hand)
 l - a ring of resist corrosion (right hand)
Wands
 o - a wand of flame (12)
 r - a wand of paralysis (11)
 s - a wand of digging (5)
Scrolls
 p - a scroll of brand weapon {unknown}
 t - 3 scrolls of torment
Potions
 f - a potion of lignification
 g - 2 potions of might
 j - a potion of resistance
 m - a potion of haste
 q - 2 potions of flight


   Skills:
 + Level 4.0 Fighting
 * Level 7.2 Long Blades
 + Level 4.0 Armour
 + Level 2.5 Dodging
 + Level 1.5 Stealth
 + Level 4.1 Shields


You had 7 spell levels left.
You didn't know any spells.
Your spell library contained the following spells:

 Spells                   Type           Power      Damage    Failure   Level
 Magic Dart               Conj           0%         1d3       83%         1
 Call Imp                 Summ           0%         N/A       93%         2
 Mephitic Cloud           Conj/Pois/Air  0%         N/A       99%         3


Dungeon Overview and Level Annotations

Branches:
Dungeon (5/15)
 Temple: D:4-7

Altars:
Dithmenos

Shops:
D:2 =

Annotations:
D:5 Dowan


Innate Abilities, Weirdness & Mutations

Your natural rate of healing is accelerated.
You have razor-sharp teeth.
You have supernaturally acute eyesight. (SInv)
You are afflicted with vampirism and can become a bat while bloodless.
You have a pair of small horns on your head.
You are robust. (+10% HP)
Your muscles are strong. (Str +4, Int/Dex -1)
You expend magic power (3 MP) to strengthen your wands.


Message History

The ice beast is heavily wounded.
You feel very sick.
Dowan hits you with a +2 dagger of venom.
* * * LOW HITPOINT WARNING * * *
You are lethally poisoned!
The ice beast hits you but does no damage.
Okay, then.
Okay, then.
Blink to where?
Press: ? - help, Dir - move target
As you read the scroll of blinking, it crumbles to dust.
* * * LOW HITPOINT WARNING * * *
You feel very sick.
* * * LOW HITPOINT WARNING * * *
You feel very sick.
As you read the scroll of teleportation, it crumbles to dust.
You feel strangely unstable.
* * * LOW HITPOINT WARNING * * *
You feel very sick.
Dowan gestures wildly while chanting.
Dowan blinks!
* * * LOW HITPOINT WARNING * * *
You feel sick.
* * * LOW HITPOINT WARNING * * *
You feel sick.
It was a potion of mutation.
You feel extremely strange.
You feel stronger. A pair of horns grows on your head!
Your +2 helmet falls away!
You feel your magical essence link to the dungeon's wands.
You feel robust.
* * * LOW HITPOINT WARNING * * *
You feel sick.
Your surroundings suddenly seem different.
* * * LOW HITPOINT WARNING * * *
You feel sick.
Dowan says, "Her death will not be in vain!"
Unknown command.
* * * LOW HITPOINT WARNING * * *
You feel sick.
You die...

........### ##........#..........
..###....#######..........|.....#
. ##........................###
.. #..####.###.....##........###
...##..## ###......##........#.
...)ยง...# #....................
...##..## ##..##..#.#....#......
..###.Y.####..####.#.##..........
....#...Y.....##@...............#
#.......#......##...)#..........#
.......###.....#.................
.........#.......................
...........)e...#................
..............###.##.............
..#...........#####.......##...#.
..#...........##.........###.###.
..........................#..##..


There were no monsters in sight!

Vanquished Creatures
  Sigmund (D:5)
  Edmund (D:5)
  Duvessa (D:5)
  A black bear (D:4)
  A centaur (D:4)
  2 necrophages
  2 scorpions (D:5)
  A jelly (D:4)
  A hound (D:4)
  An orc priest (D:4)
  2 iguanas
  Natasha (thrice) (D:2)
  7 adders
  3 worms
  3 dart slugs
  10 orcs
  11 ball pythons
  14 bats
  10 endoplasms
  4 giant cockroaches
  3 goblins
  7 hobgoblins
  11 kobolds
  5 quokkas
  2 frilled lizards
  4 rats
111 creatures vanquished.

Notes
Turn   | Place    | Note
-------+----------+-------------------------------------------
     0 | D:1      | SensoryNuts the Vampire Fighter began the quest for the
                  | Orb.
     0 | D:1      | Reached XP level 1. HP: 17/17 MP: 1/1
   155 | D:1      | Reached XP level 2. HP: 17/23 MP: 2/2
   349 | D:1      | Found a faded altar of an unknown god.
   460 | D:1      | Gained mutation: You are afflicted with vampirism and can
                  | become a bat while bloodless. [Vampire growth]
   460 | D:1      | Reached XP level 3. HP: 18/28 MP: 3/3
   644 | D:2      | Noticed Natasha
   863 | D:2      | Killed Natasha
   864 | D:2      | Reached skill level 3 in Long Blades
   894 | D:2      | Noticed Natasha
   903 | D:2      | HP: 1/28 [Natasha (8)]
   911 | D:2      | Killed Natasha
   912 | D:2      | Reached skill level 1 in Dodging
   912 | D:2      | Reached XP level 4. HP: 21/34 MP: 4/4
  1019 | D:2      | Found a shadowy altar of Dithmenos.
  1034 | D:2      | Noticed Natasha
  1383 | D:2      | Killed Natasha
  1384 | D:2      | Reached XP level 5. HP: 28/41 MP: 5/5
  1451 | D:2      | Found Newagru's Jewellery Emporium.
  1467 | D:2      | Reached skill level 4 in Long Blades
  2356 | D:4      | Noticed a black bear
  2370 | D:4      | Killed a black bear
  2371 | D:4      | Reached XP level 6. HP: 19/47 MP: 6/6
  2544 | D:4      | Reached skill level 5 in Long Blades
  2739 | D:4      | Reached skill level 1 in Stealth
  2739 | D:4      | Reached XP level 7. HP: 50/53 MP: 7/7
  3282 | D:5      | Entered Level 5 of the Dungeon
  3300 | D:5      | Reached skill level 6 in Long Blades
  3432 | D:5      | Noticed Sigmund
  3441 | D:5      | Killed Sigmund
  3514 | D:5      | Noticed Edmund
  3539 | D:5      | Killed Edmund
  3540 | D:5      | Reached skill level 7 in Long Blades
  3540 | D:5      | Reached XP level 8. HP: 39/58 MP: 8/8
  3690 | D:5      | Noticed Duvessa
  3690 | D:5      | Noticed Dowan
  3704 | D:5      | Killed Duvessa
  3713 | D:5      | Gained mutation: Your muscles are strong. (Str +4, Int/Dex
                  | -1) [potion of mutation]
  3713 | D:5      | Gained mutation: You have a pair of small horns on your
                  | head. [potion of mutation]
  3713 | D:5      | Gained mutation: You expend magic power (3 MP) to
                  | strengthen your wands. [potion of mutation]
  3713 | D:5      | Gained mutation: You are robust. (+10% HP) [potion of
                  | mutation]
  3713 | D:5      | HP: 3/66 [poisoned by Dowan]
  3714 | D:5      | HP: 1/66 [poisoned by Dowan]
  3716 | D:5      | Succumbed to Dowan's poison

Illustrated notes

Levels and vault maps discovered:
D:1:      minmay_arrival_widening_spiral_wide, layout_rooms,
          hellmonk_ecumenical_altar_blasted, st_stairs_8
D:2:      minmay_spotlight, layout_rooms, basic_altar, serial_shops,
          nicolae_shop_crystal, uniq_natasha
D:3:      layout_loops_ring, item_on_display_a
D:4:      layout_basic
D:5:      layout_cave_pools, uniq_edmund, uniq_sigmund, uniq_duvessa

Skill      XL: |  1  2  3  4  5  6  7  8 |
---------------+-------------------------+-----
Shields        | 3 4 |  4.1
Long Blades    | 3 4 5 7 |  7.2
Armour         | 3 4 |  4.0
Dodging        | 1 2 |  2.5
Fighting       | 3 4 |  4.0
Stealth        | 1 |  1.5

Action                   |  1- 3 |  4- 6 |  7- 9 || total
-------------------------+-------+-------+-------++-------
Melee: Long sword        |    96 |   228 |   104 ||   428
       Bite              |     8 |    17 |    11 ||    36
 Abil: Exsanguinate      |       |       |     1 ||     1
       Revivify          |       |       |     1 ||     1
  Use: Potion            |     4 |     4 |     1 ||     9
       Scroll            |     1 |     9 |     6 ||    16
 Stab: Invisible         |       |     1 |       ||     1
Armor: Scale mail        |    56 |   114 |    32 ||   202
Dodge: Dodged            |    41 |   111 |    41 ||   193
Block: Buckler           |    27 |    87 |    31 ||   145
